[Event "Late-Titled-Tuesday-Blitz-September-26-2023"]
[Site "Chess.com"]
[Date "2023.09.26"]
[Round "11"]
[White "Arteler"]
[Black "Druid24"]
[Result "0-1"]
[WhiteElo "2599"]
[BlackElo "2718"]
[TimeControl "180+1"]
[EndTime "16:01:57 PDT"]
[Termination "Druid24 won by resignation"]

1. e4 c5 2. Nf3 e6 3. c3 d5 4. e5 Nc6 5. d4 Bd7 6. a3 Qb6 7. b4 cxd4 8. cxd4 Nh6 9. Nc3 Nf5 10.
Na4 Qd8 11. Bb2 a5 12. b5 Na7 13. Nc3 Rc8 14. a4 Bb4 15. Rc1 O-O 16. Bd3 g6 17.
O-O Qe7 18. Qb3 Nh4 19. Ne1 Qg5 20. f4 Qh5 21. Be2 Qh6 22. Nd3 Be7 23. Nc5 Rxc5 24. dxc5 Bxc5+ 25. Kh1 Nf5 26. Nxd5 exd5 27. Rxc5 Be6 28.
Qh3 Qg7 29. Qf3 h5 30. Rfc1 Nc8 31. Ba3 Nce7 32. Rc7 Re8 33. Rxb7 Nd4 34. Qf2 Nef5 35. Bd3 h4 36. h3 Ng3+ 37. Kg1 Ndf5 38. Bc5 d4 39. Bc4 Bxc4 40. Rxc4 d3 41. Rd7 Rxe5 42. fxe5 Qxe5 43. Rd8+ Kh7 44. Bd4 Ne2+ 45. Kf1 Nfg3+ 46. Ke1 Nxd4+ 47. Kd1 Ndf5 48. Rdd4 Nxd4 49. Rxd4 f5 50. Rxh4+ Kg8 51. Rd4 Ne4 52. Qe3 d2 53. Rxd2 Qa1+ 54.
Ke2 Nxd2 55. Qxd2 Qxa4 56. Qd8+ Kg7 57. Qc7+ Kh6 58. b6 Qb5+ 59. Kf2 f4 60. Qxf4+ g5 61. Qc7 g4 62. hxg4 Kg5 63. b7 Qb2+ 64. Kg3 Qc3+ 65. Kf2 Qxc7 0-1

[Event "Late-Titled-Tuesday-Blitz-September-26-2023"]
[Site "Chess.com"]
[Date "2023.09.26"]
[Round "11"]
[White "scandalgod"]
[Black "The_Princess_Moon"]
[Result "1-0"]
[WhiteElo "2491"]
[BlackElo "2289"]
[TimeControl "180+1"]
[EndTime "16:02:00 PDT"]
[Termination "scandalgod won on time"]

1. d4 Nf6 2. c4 e6 3. g3 Bb4+ 4. Bd2 Bxd2+ 5. Nxd2 O-O 6. Bg2 d5 7. Ngf3 Nbd7 8. O-O c5 9. Rc1 cxd4 10. cxd5 e5 11.
Nc4 Re8 12. Qc2 Nxd5 13. Nd6 Rf8 14. Rfd1 h6 15. Nxd4 exd4 16. Bxd5 Nf6 17. Rxd4 Nxd5 18. Rxd5 Be6 19. Rd3 Qg5 20. h4 Qg4 21. Qd2 Rad8 22. Rc7 Qh5 23. Rxb7 Bg4 24. f3 Bc8 25. Nxc8 Rxc8 26.
Kg2 Qg6 27. Rbd7 Rc6 28. R3d6 Rxd6 29. Rxd6 Qf5 30. b3 Re8 31. e4 Qc8 32. Rd5 Qc6 33. Rd8 Rxd8 34. Qxd8+ Kh7 35. Qd2 Qb5 36. Qc2 Qb4 37. f4 g6 38. e5 h5 39. Qe2 a5 40.
Kh2 Qb6 41. Qb2 Qe6 42. a3 Kh6 43. b4 axb4 44. axb4 Kg7 45. b5 Qb6 46. Kg2 Kh7 47.
Qe2 Qb7+ 48. Kh2 Qb6 49. Qb2 Qb7 50. Qe2 Qb6 51. Kg2 Qb7+ 52. Kf2 Qb6+ 53. Ke1 Qg1+ 54. Kd2 Qxg3 55. Qd3 Qxf4+ 56. Kc2 Qf2+ 57. Kb3 Qc5 58. Qc4 Qe3+ 59. Kb4 Qe1+ 60. Ka4 Qa1+ 61. Kb4 Qe1+ 62.
Kb3 Qe3+ 63. Qc3 1-0

[Event "Late-Titled-Tuesday-Blitz-September-26-2023"]
[Site "Chess.com"]
[Date "2023.09.26"]
[Round "11"]
[White "JoakimVonAnd"]
[Black "Hikaru"]
[Result "0-1"]
[WhiteElo "2745"]
[BlackElo "3165"]
[TimeControl "180+1"]
[EndTime "16:02:08 PDT"]
[Termination "Hikaru won by resignation"]

1. d4 a6 2. Nf3 c5 3. c3 e6 4. Bf4 Nf6 5. e3 b6 6. h3 Bb7 7. Nbd2 d6 8. Bd3 Nbd7 9. O-O Be7 10. Qe2 O-O 11. a4 Qc7 12. e4 e5 13. dxe5 dxe5 14.
Bh2 Nh5 15. Bc4 Nf4 16. Bxf4 exf4 17. Bd5 Rfe8 18. Rfe1 Bf8 19. Qc4 Nf6 20. Bxb7 Qxb7 21. e5 Nd5 22. Ne4 b5 23. axb5 axb5 24. Qe2 Nc7 25.
Rxa8 Qxa8 26. Qd2 Qa2 27. Nd6 Re7 28. Nf5 Re8 29. Nd6 Rd8 30. Qxf4 Rd7 31. Re2 Ne6 32. Qe4 Bxd6 33. Qc6 Rc7 34. Qxd6 h6 35. Rd2 Rc8 36. Qd3 b4 37. g3 c4 38. Qe2 bxc3 39.
bxc3 Qa3 40. Qe3 Rb8 41. Nd4 Qa8 42. Rd1 Rd8 43. Qe2 Qd5 44. Rd2 Ng5 45. h4 Ne4 46. Rc2 Re8 47. e6 fxe6 48. Rc1 Rf8 49. Re1 Nc5 50.
Qe5 Nd3 51. Qxe6+ Qxe6 52. Rxe6 Rxf2 53. Rc6 Ra2 54. Rxc4 Kf7 55. Rc6 Ne5 56. Rd6 Ng4 57.
c4 Ra1+ 58. Kg2 Ne3+ 59. Kf3 Nxc4 60. Rd5 Kf6 61. Rf5+ Kg6 62. Rc5 Ra3+ 63. Kg4 Ne3+ 64. Kh3 Ra1 65. Kh2 Rd1 66. Nf3 Kf6 67. Ra5 Rb1 68. Rc5 Rb3 69. Nd4 Rd3 70. Ne2 Rd2 71.
Rc6+ Kf7 72. Rc5 Rxe2+ 73. Kh3 Re1 74. g4 Rh1+ 75. Kg3 Rg1+ 76. Kf3 Nxg4 77. Rc7+ Kg8 78. Rc6 Nf6 79. Kf4 Rg4+ 80. Kf5 Rxh4 81. Rc7 Kh7 82.
Ke6 Rg4 83. Kf5 Rg5+ 84. Kf4 Nd5+ 85. Kf3 Nxc7 86. Ke4 0-1

[Event "Late-Titled-Tuesday-Blitz-September-26-2023"]
[Site "Chess.com"]
[Date "2023.09.26"]
[Round "11"]
[White "kleinebeer98"]
[Black "GianmarcoVaR"]
[Result "1/2-1/2"]
[WhiteElo "2823"]
[BlackElo "2638"]
[TimeControl "180+1"]
[EndTime "16:02:20 PDT"]
[Termination "Game drawn by repetition"]

1. e4 a6 2. d4 c6 3. Nc3 d5 4. f3 Nf6 5. Be3 b5 6. e5 Ng8 7. f4 h5 8. Bd3 g6 9. Nf3 Nh6 10. Ng5 Bg4 11. Qd2 e6 12. h3 Bf5 13.
O-O-O Nd7 14. g4 hxg4 15. hxg4 Bxg4 16. f5 exf5 17. e6 Bxd1 18. exd7+ Qxd7 19. Nxd1 Bg7 20. Bf4 O-O-O 21. Qa5 Kb7 22. Nc3 Bxd4 23. Rd1 Bb6 24.
Qa3 Ng4 25. Qb3 Nf2 26. Rf1 Rh4 27. Bd2 Ne4 28. Nxf7 Nxd2 29. Nxd8+ Qxd8 30. Kxd2 Qg5+ 31. Kd1 Rh2 32. Be2 Qe3 33. Qb4 Bd4 34. Rf3 Rh1+ 35. Rf1 c5 36. Qb3 Rxf1+ 37. Bxf1 c4 38. Qb4 Bc5 39.
Qa5 Qd4+ 40. Kc1 Qf4+ 41. Kd1 Qxf1+ 42. Kd2 Qf4+ 43. Kd1 Qf1+ 44. Kd2 Qf2+ 45. Kd1 Be3 46. Nxd5 Qf1+ 47. Qe1 Qf3+ 48. Qe2 Qxd5+ 49. Ke1 Qh1+ 50.
Qf1 Qh4+ 51. Ke2 Qe4 52. b4 Bd4+ 53. Kd1 Bc3 54. a4 Bxb4 55. axb5 axb5 56. Qg1 Qd5+ 57.
Kc1 Bc5 58. Qh2 Ba3+ 59. Kb1 Bd6 60. Qh7+ Kc6 61. Qh8 Be5 62. Qa8+ Kc5 63. Qa7+ Kd6 64. Qb8+ Ke6 65. Qg8+ Kd6 66. Qb8+ Kc6 67. Qa8+ Kc5 68. Qa7+ Kb4 69. c3+ Bxc3 70. Qe7+ Kb3 71. Qe2 Qd3+ 72. Kc1 Bb2+ 73. Qxb2+ Ka4 74. Qg2 Qa3+ 75. Kb1 Qb3+ 76. Ka1 Qa3+ 77. Kb1 c3 78. Qa8+ Kb3 79. Qd5+ Ka4 80.
Qa8+ Kb4 81. Qf8+ Ka4 82. Qa8+ 1/2-1/2

[Event "Late-Titled-Tuesday-Blitz-September-26-2023"]
[Site "Chess.com"]
[Date "2023.09.26"]
[Round "11"]
[White "Yushko_Olga"]
[Black "cristiano78"]
[Result "0-1"]
[WhiteElo "2058"]
[BlackElo "2254"]
[TimeControl "180+1"]
[EndTime "16:02:22 PDT"]
[Termination "cristiano78 won by resignation"]

1. d4 Nf6 2. c4 g6 3. Nc3 Bg7 4. Nf3 d6 5. Bg5 O-O 6. e3 Nbd7 7. Qc2 b6 8. Be2 Bb7 9. O-O Re8 10. Rad1 h6 11. Bh4 g5 12. Bg3 Nh5 13. Nxg5 Nxg3 14.
Qh7+ Kf8 15. fxg3 Nf6 16. Qf5 hxg5 17. Qxg5 e5 18. h4 Ne4 19. Qf5 Nf6 20. h5 Bc8 21.
Qf3 Bg4 22. Qf2 Bxe2 23. Nxe2 exd4 24. Nxd4 Qe7 25. Nf5 Qe6 26. Rd4 Nxh5 27. Nxg7 Kxg7 28. e4 Qg6 29. Rd5 Re5 30. Rd3 Rae8 31. Rf3 R8e7 32. g4 Qxg4 33. Rxf7+ Rxf7 34. Qxf7+ Kh6 35. Qf8+ Qg7 36.
Qf3 Rg5 37. Qe3 Kh7 38. Qf3 Ng3 39. Rd1 Qg6 40. e5 Rxe5 41. Kh2 Rh5+ 42. Kg1 Rh1+ 43. Kf2 Rxd1 44. Qxd1 Ne4+ 45. Ke3 Nc5 46. b4 Qe4+ 47. Kf2 Nd3+ 48. Kg1 Qe3+ 49. Kh2 Qf4+ 50. Kg1 Qf2+ 51.
Kh2 Nf4 52. Qb1+ Kh6 53. Qe4 Qxg2+ 54. Qxg2 Nxg2 55. Kxg2 Kg5 56. Kf3 Kf5 57. Ke3 Ke5 58.
Kd3 d5 59. c5 d4 60. Kc4 Ke4 61. cxb6 axb6 62. a4 d3 63. a5 bxa5 64. bxa5 d2 65. a6 d1=Q 66. Kb5 Qd3+ 67. Ka5 Qxa6+ 68. Kxa6 c5 69.
Kb5 Kd4 70. Ka4 c4 71. Ka3 Kd3 72. Kb2 Kd2 73. Kb1 c3 0-1

[Event "Late-Titled-Tuesday-Blitz-September-26-2023"]
[Site "Chess.com"]
[Date "2023.09.26"]
[Round "11"]
[White "tarno17"]
[Black "Colombiano07"]
[Result "1/2-1/2"]
[WhiteElo "2163"]
[BlackElo "2349"]
[TimeControl "180+1"]
[EndTime "16:02:26 PDT"]
[Termination "Game drawn - insufficient material"]

1. e4 c6 2. d4 d5 3. Nc3 dxe4 4. Nxe4 Bf5 5. Ng3 Bg6 6. h4 h6 7. h5 Bh7 8. Nf3 Nd7 9. Bd3 Bxd3 10. Qxd3 Qc7 11. Bd2 Ngf6 12. c4 e6 13. Ne4 Nxe4 14. Qxe4 Nf6 15. Qe5 Qxe5+ 16. dxe5 Nd7 17. O-O-O O-O-O 18. Be3 Bc5 19. Rhe1 Bxe3+ 20. Rxe3 Nc5 21. b4 Na4 22.
Rxd8+ Rxd8 23. Kc2 b5 24. c5 Rd5 25. Ne1 a5 26. a3 axb4 27. axb4 Kd7 28. Nd3 Rd4 29. Rg3 Rc4+ 30. Kd2 Rh4 31. Rxg7 Ke7 32. g4 Rh2 33. Rh7 Rg2 34. Rxh6 Rxg4 35. Rh8 Rd4 36. Ke3 Rh4 37. h6 Nc3 38. h7 Nd5+ 39. Kf3 Rh1 40. Kg2 Rh5 41.
Kg3 Rh1 42. Kg2 Rh6 43. f4 Rh5 44. Kg3 Rh1 45. Nf2 Rh6 46. Ng4 Rh5 47. Kf3 Rh3+ 48. Kg2 Rh4 49. Kg3 Rh5 50. Kf2 Rh4 51. Kf3 Rh3+ 52.
Kg2 Rh4 53. Kg3 Rh1 54. Nf2 Rh6 55. Ne4 f5 56. Ng5 Nxb4 57. Ra8 Nd3 58. h8=Q Rxh8 59.
Rxh8 Nxc5 60. Rh7+ Kd8 61. Kf3 b4 62. Ke2 Na4 63.
Nxe6+ Ke8 64. Nc7+ Kd8 65. Ne6+ Ke8 66. Nd4 c5 67. Nxf5 c4 68. Rb7 b3 69. Nd4 Nc3+ 70.
Kd2 Nd5 71. Nxb3 cxb3 72. Rxb3 Nxf4 73. Ke3 Ne6 74. Rb8+ Kd7 75. Ke4 Kc6 76. Rb2 Kd7 77. Rc2 Ke7 78. Kf5 Nd4+ 79. Ke4 Nxc2 80. Kd5 Nb4+ 81.
Kc5 Ke6 82. Kxb4 Kxe5 1/2-1/2

[Event "Late-Titled-Tuesday-Blitz-September-26-2023"]
[Site "Chess.com"]
[Date "2023.09.26"]
[Round "11"]
[White "FMVolodymyrSakun"]
[Black "IlanSchnaider"]
[Result "1-0"]
[WhiteElo "2672"]
[BlackElo "2790"]
[TimeControl "180+1"]
[EndTime "16:03:25 PDT"]
[Termination "FMVolodymyrSakun won by checkmate"]

1. d4 Nf6 2. c4 g6 3. Nc3 d5 4. cxd5 Nxd5 5. Bd2 c5 6. dxc5 Bg7 7. Rc1 O-O 8. Nf3 Nc6 9. e3 Ndb4 10. a3 Nd3+ 11. Bxd3 Qxd3 12. Qe2 Qd8 13. h3 Bf5 14. e4 Be6 15. Be3 Na5 16. Nd2 b6 17. O-O bxc5 18. Bxc5 Rc8 19. b4 Nb7 20. Nb5 a6 21. Na7 Nxc5 22.
Nxc8 Nd3 23. Nxe7+ Kh8 24. Rc2 Nf4 25. Qf3 Nxh3+ 26.
gxh3 Qxe7 27. Qg2 Rd8 28. Nf3 h6 29. Rd2 Rc8 30. Rfd1 Rc3 31. Rd3 Rc2 32. Nd4 Bxd4 33. Rxd4 Qf6 34. R4d2 Rc3 35. Rd3 Rc2 36. Qf3 Qg5+ 37.
Qg3 Qf6 38. Rd8+ Kh7 39. Qe3 Rc3 40. R8d3 Rc2 41. R3d2 Rc3 42. Rd3 Rc2 43. Qg3 h5 44. Rf3 Qg7 45. e5 Rc4 46. Qg5 Re4 47. Rd8 Rxe5 48.
Qf6 Re1+ 49. Kh2 Qxf6 50. Rxf6 Kg7 51. Rf3 Bf5 52. Re3 Ra1 53. Rd6 Ra2 54. Kg3 h4+ 55.
Kxh4 Bc8 56. Kg3 Bb7 57. Rb6 Bc8 58. Rb8 Be6 59. Ra8 Bc4 60. Ra7 Bb5 61. Rc3 Rb2 62.
f3 Ra2 63. h4 Ra1 64. Kf4 Rh1 65.
Kg3 Rg1+ 66. Kf2 Rh1 67. Rcc7 Be8 68. Re7 Kf8 69. Rec7 Kg7 70. Rxa6 Rh3 71. Rb6 Rh2+ 72. Ke3 Ra2 73. Ra7 g5 74. hxg5 Ra1 75. b5 Re1+ 76.
Kf4 Rb1 77. a4 Rb4+ 78. Kg3 Rb3 79. Rbb7 Kg6 80. b6 Bc6 81. Rxf7 Bd5 82. Rf6+ Kxg5 83. Rd6 Rxf3+ 84. Kh2 Rf2+ 85. Kg1 Rd2 86. Rad7 Rd1+ 87. Kf2 Rd2+ 88. Ke3 Ra2 89. Rxd5+ Kf6 90. b7 Ra3+ 91. Kd4 Rxa4+ 92. Kc5 Ra5+ 93. Kb6 Ra3 94. R7d6+ Ke7 95. Rd7+ Ke6 96. b8=Q Rb3+ 97. Kc7 Rc3+ 98.
Kb7 Rb3+ 99. Kc7 Rc3+ 100. Kb6 Rb3+ 101. Ka7 Ra3+ 102. Kb7 Rb3+ 103. Kc8 Rc3+ 104. Kd8 Rc8+ 105. Kxc8 Kf6 106. Qd6# 1-0